 Dungeon Crawl Stone Soup version 0.30.2 (webtiles) character file.

Game seed: 7823321271446122569

176 Ashen the Magician (level 5, -1/37 HPs)
             Began as a Gnoll Hedge Wizard on Jan 28, 2024.
             Killed from afar by a steam dragon (16 damage)
             ... with a ball of steam
             ... on level 4 of the Dungeon.
             The game lasted 00:05:25 (4061 turns).

Ashen the Magician (Gnoll Hedge Wizard)             Turns: 4061, Time: 00:05:29

Health: -1/37      AC:  2    Str:  9    XL:     5   Next: 56%
Magic:  14/14      EV: 13    Int: 15    God:
Gold:   220        SH:  0    Dex: 12    Spells: 12/18 levels left

rFire   . . .        p - +0 rapier
rCold   . . .        (no shield)
rNeg    . . .        b - +0 robe
rPois   .            c - +0 hat
rElec   .            t - scarf {+Inv}
rCorr   .            (no gloves)
SInv    .            (no boots)
Will    .....        (no amulet)
Stlth   +++          (no ring)
HPRegen 0.26/turn    (no ring)
MPRegen 0.14/turn

%: no passive effects
@: no status effects
A: fangs 1, strong nose, distributed training
a: Evoke Invisibility


You were on level 4 of the Dungeon.
You visited 1 branch of the dungeon, and saw 4 of its levels.

You collected 220 gold pieces.

Inventory:

Hand Weapons
 p - a +0 rapier (weapon)
Armour
 b - a +0 robe (worn)
 c - a +0 hat (worn)
 t - a scarf of invisibility (worn)
Scrolls
 f - a scroll of vulnerability {unknown}
 g - a scroll of fear {unknown}
 i - 6 scrolls of identify {unknown}
 k - 4 scrolls of teleportation {unknown}
 l - a scroll of enchant weapon {unknown}
 m - 3 scrolls of fog {unknown}
 r - a scroll of enchant armour {unknown}
 s - a scroll of immolation {unknown}
 v - a scroll of amnesia {unknown}
Potions
 a - 3 potions of flight {unknown}
 d - a potion of magic
 e - 2 potions of degeneration {unknown}
 h - a potion of lignification {unknown}
 j - 2 potions of invisibility {unknown}
 n - a potion of cancellation {unknown}
 o - a potion of mutation {unknown}
 q - 2 potions of curing {unknown}
 u - a potion of heal wounds {unknown}


   Skills:
 + Level 1.6 Fighting
 + Level 1.6 Short Blades
 + Level 1.6 Long Blades
 + Level 1.6 Axes
 + Level 1.6 Maces & Flails
 + Level 1.6 Polearms
 + Level 1.6 Staves
 + Level 1.6 Ranged Weapons
 + Level 1.6 Throwing
 + Level 1.6 Armour
 + Level 4.8 Dodging
 + Level 4.4 Stealth
 + Level 1.6 Shields
 + Level 1.6 Unarmed Combat
 + Level 7.3 Spellcasting
 + Level 2.4 Conjurations
 + Level 1.3 Hexes
 + Level 2.4 Summonings
 + Level 1.3 Necromancy
 + Level 2.4 Translocations
 + Level 1.3 Transmutations
 + Level 1.3 Fire Magic
 + Level 1.3 Ice Magic
 + Level 1.3 Air Magic
 + Level 1.3 Earth Magic
 + Level 1.3 Poison Magic
 + Level 1.8 Invocations
 + Level 1.6 Evocations


You had 12 spell levels left.
You knew the following spells:

 Your Spells              Type           Power      Damage    Failure   Level
a - Magic Dart            Conj           48%        1d5       4%          1
b - Blink                 Tloc           24%        N/A       7%          2
c - Mephitic Cloud        Conj/Pois/Air  10%        N/A       19%         3

Your spell library contained the following spells:

 Spells                   Type           Power      Damage    Failure   Level
 Apportation              Tloc           24%        N/A       4%          1
 Summon Small Mammal      Summ           48%        N/A       4%          1
 Call Imp                 Summ           24%        N/A       7%          2
 Lesser Beckoning         Tloc           24%        N/A       7%          2
 Momentum Strike          Conj/Tloc      24%        3d8       7%          2
 Necrotise                Necr           36%        1d5       8%          1
 Slow                     Hex            36%        N/A       8%          1
 Cigotuvi's Dreadful Rot  Necr/Pois/Air  18%        N/A       12%         2
 Hailstorm                Conj/Ice       11%        3d5       19%         3
 Ice Form                 Ice/Tmut       9%         N/A       58%         4
 Simulacrum               Ice/Necr       4%         N/A       100%        6


Dungeon Overview and Level Annotations

Branches:
Dungeon (4/15)
 Temple: D:4-7

Altars:
Hepliaklqana
Nemelex Xobeh


Innate Abilities, Weirdness & Mutations

You have very sharp teeth.
Your uncanny sense of smell can sniff out nearby items.
Your experience applies equally to all skills.


Message History

You barely miss the worm.
The worm is almost dead.
You hit the worm but do no damage. You bite the worm, but do no damage.
The worm is almost dead.
You hit the worm but do no damage.
The worm is severely wounded.
The worm barely misses you.
You hit the worm.
You kill the worm!
Things that are here:
a +0 club; a goblin corpse You see here a +0 club.
Found a leather armour.
There is a stone staircase leading down here.
There is an open door here.
A hobgoblin comes into view.
A hobgoblin is nearby!
Found 3 stones and an opalescent robe.
An endoplasm comes into view.
Found 15 gold pieces.
The hobgoblin shouts!
The endoplasm quivers.
You hear an angry hiss.
A steam dragon and a kobold come into view.
The teleport trap disappears.
The kobold disappears!
The kobold moves out of view.
You hit the hobgoblin but do no damage.
The hobgoblin hits you but does no damage.
The steam dragon breathes steam at you. The ball of steam hits you!!
Ouch! That really hurt!
You are too injured to fight recklessly!
The hobgoblin attacks as you move away! The hobgoblin misses you.
You hit the hobgoblin but do no damage. Your punch misses the hobgoblin.
The hobgoblin hits you. The steam dragon breathes steam at you.
The ball of steam hits the hobgoblin!
The hobgoblin dies!
The ball of steam hits you!
You die...

#....'..............
.
#....###+###########
. #....'.#.# .
#....#.#'####### .
#....#.........# ∆
#....#.........#
#....##........#
#....###...#####
########@......#
#..§######.########..
######.§.###
##.......##..
...........#
#(.......##..
...........#
#........##..
...........#
#.<......++..
...D.......#
#........##..
.(.........#
#.........#..
.........[.#
#...####..>..


There were no monsters in sight!

Vanquished Creatures
  A sleepcap (D:4)
  7 adders
  3 worms
  4 dart slugs
  An orc (D:4)
  7 endoplasms
  3 giant cockroaches
  9 goblins
  7 hobgoblins
  4 jackals (D:1)
  A quokka (D:1)
  3 ball pythons
  3 bats
  4 frilled lizards
  5 kobolds
  8 rats
70 creatures vanquished.

Vanquished Creatures (others)
  A hobgoblin (D:4)
1 creature vanquished.

Grand Total: 71 creatures vanquished

Notes
Turn   | Place    | Note
-------+----------+-------------------------------------------
     0 | D:1      | Ashen the Gnoll Hedge Wizard began the quest for the Orb.
     0 | D:1      | Reached XP level 1. HP: 13/13 MP: 8/8
   331 | D:1      | Reached XP level 2. HP: 19/19 MP: 2/10
  1100 | D:1      | Reached XP level 3. HP: 25/25 MP: 9/11
  1485 | D:2      | Reached skill level 1 in Invocations
  1577 | D:2      | Found a hazy altar of Hepliaklqana.
  1664 | D:2      | Reached skill level 1 in Fighting
  1664 | D:2      | Reached skill level 1 in Short Blades
  1664 | D:2      | Reached skill level 1 in Long Blades
  1664 | D:2      | Reached skill level 1 in Axes
  1664 | D:2      | Reached skill level 1 in Maces & Flails
  1664 | D:2      | Reached skill level 1 in Polearms
  1664 | D:2      | Reached skill level 1 in Staves
  1664 | D:2      | Reached skill level 1 in Ranged Weapons
  1664 | D:2      | Reached skill level 1 in Throwing
  1664 | D:2      | Reached skill level 1 in Armour
  1664 | D:2      | Reached skill level 1 in Shields
  1664 | D:2      | Reached skill level 1 in Unarmed Combat
  1664 | D:2      | Reached skill level 1 in Evocations
  2394 | D:3      | Reached XP level 4. HP: 32/32 MP: 4/13
  2490 | D:3      | Found a sparkling altar of Nemelex Xobeh.
  2568 | D:3      | Reached skill level 1 in Hexes
  2568 | D:3      | Reached skill level 1 in Necromancy
  2568 | D:3      | Reached skill level 1 in Transmutations
  2568 | D:3      | Reached skill level 1 in Fire Magic
  2568 | D:3      | Reached skill level 1 in Ice Magic
  2568 | D:3      | Reached skill level 1 in Air Magic
  2568 | D:3      | Reached skill level 1 in Earth Magic
  2568 | D:3      | Reached skill level 1 in Poison Magic
  2867 | D:3      | Reached XP level 5. HP: 30/37 MP: 4/14
  3817 | D:4      | Learned a level 2 spell: Blink
  3821 | D:4      | Learned a level 3 spell: Mephitic Cloud
  4055 | D:4      | Noticed a steam dragon
  4061 | D:4      | Killed from afar by a steam dragon

Illustrated notes

Levels and vault maps discovered:
D:1:      dpeg_arrival_short_road, layout_basic, st_stairs_2
D:2:      layout_loops_ring, basic_altar, minivault_27, minmay_misc_feat_alley,
          minmay_pentomino_o2
D:3:      layout_rooms, nemelex_diamond_rough_becter,
          nicolae_concentric_dashed_squares_mild
D:4:      layout_basic, temple_hall, st_stairs_12, minmay_diced_spiral

Skill      XL: |  1  2  3  4 |
---------------+-------------+-----
Conjurations   | 2 |  2.4
Summonings     | 2 |  2.4
Translocations | 2 |  2.4
Invocations    | 1 |  1.8
Fighting       | 1 |  1.6
Short Blades   | 1 |  1.6
Long Blades    | 1 |  1.6
Axes           | 1 |  1.6
Maces & Flails | 1 |  1.6
Polearms       | 1 |  1.6
Staves         | 1 |  1.6
Ranged Weapons | 1 |  1.6
Throwing       | 1 |  1.6
Armour         | 1 |  1.6
Shields        | 1 |  1.6
Unarmed Combat | 1 |  1.6
Evocations     | 1 |  1.6
Hexes          | 1 |  1.3
Necromancy     | 1 |  1.3
Transmutations | 1 |  1.3
Fire Magic     | 1 |  1.3
Ice Magic      | 1 |  1.3
Air Magic      | 1 |  1.3
Earth Magic    | 1 |  1.3
Poison Magic   | 1 |  1.3
Dodging        | |  4.8
Stealth        | |  4.4
Spellcasting   | |  7.3

Action                     |  1- 3 |  4- 6 || total
---------------------------+-------+-------++-------
  Melee: Dagger            |    14 |       ||    14
         Bite              |     1 |     5 ||     6
         Rapier            |       |    54 ||    54
   Cast: Magic Dart        |   102 |    87 ||   189
         Mephitic Cloud    |       |     1 ||     1
   Stab: Sleeping          |     1 |     1 ||     2
 Armour: Robe              |     7 |     5 ||    12
  Dodge: Dodged            |    29 |    51 ||    80
